Map: Ever Dream LE

Players

BerryRAWR - Winner!

  • Race: Terran Terran
  • League: Grandmaster
  • Spawn Location: 1:00

Sottorks

  • Race: Terran Terran
  • League: Grandmaster
  • Spawn Location: 7:00

VOD

Have the link to the VOD?

Description

Time

  • Played on: May 17, 2020, 3:54 a.m.
  • Length: 18:29
Show
View Real Time Build Order
Export as new Build Order

BerryRAWR Terran - Winner!

Build Orders:  

Get SALT Encoding   

  12  0:01  SCV  
  13  0:13  SCV  
  14  0:18  Supply Depot  
  14  0:32  Refinery  
  14  0:45  Barracks  
  14  0:56  Barracks  
  14  0:59  SCV  
  15  1:11  SCV  
  16  1:19  Refinery  
  16  1:23  SCV  
  17  1:34  Reaper  
  17  1:35  SCV  
  19  1:46  Reaper  
  20  1:49  Orbital Command  
  20  2:01  Supply Depot  
  20  2:06  Reaper  
  21  2:17  SCV  
  21  2:19  Reaper  
  22  2:39  Reaper  
  22  2:41  Factory  
  23  2:44  SCV  
  23  2:46  Supply Depot  
  23  2:51  Reaper  
  23  2:56  SCV  
  25  3:01  Bunker  
  25  3:08  SCV  
  26  3:19  Reaper  
  27  3:20  SCV  
  27  3:24  Starport  
  28  3:30  Reaper  
  28  3:33  SCV  
  30  3:34  Factory Tech Lab  
  30  3:36  Supply Depot  
  30  3:45  SCV  
  31  3:58  SCV  
  31  4:01  Fusion Core  
  32  4:12  SCV  
  33  4:22  Supply Depot  
  33  4:24  SCV  
  35  4:38  Engineering Bay  
  35  4:40  Command Center  
  34  4:47  Battlecruiser  
  34  4:49  SCV  
  41  5:01  SCV  
  40  5:23  SCV  
  40  5:24  Barracks Reactor  
  40  5:26  Supply Depot  
  41  5:30  Command Center  
  41  5:31  Supply Depot, Factory Tech Lab  
  42  5:35  SCV  
  42  5:41  Barracks  
  42  5:43  Missile Turret  
  42  6:00  Battlecruiser  
  42  6:03  SCV  
  49  6:15  Refinery x2  
  49  6:23  Siege Tank  
  51  6:28  SCV  
  50  6:40  Orbital Command  
  49  6:55  Orbital Command  
  49  6:58  SCV  
  50  7:04  Siege Tank  
  50  7:05  SCV  
  50  7:07  Bunker  
  54  7:10  SCV  
  55  7:20  Marine  
  55  7:21  Starport, Marine  
  55  7:22  SCV  
  58  7:25  Barracks Tech Lab  
  58  7:26  Starport  
  58  7:28  SCV, Barracks  
  59  7:33  SCV  
  59  7:34  SCV  
  61  7:41  Marine  
  61  7:42  Marine  
  61  7:43  Siege Tank  
  66  7:50  SCV x2  
  66  7:51  SCV  
  69  7:58  Engineering Bay x2  
  69  8:00  Weapon Refit  
  69  8:02  SCV x2  
  71  8:06  Stimpack  
  71  8:07  Marine  
  71  8:10  Starport Reactor  
  71  8:11  SCV  
  73  8:13  Terran Infantry Weapons Level 1  
  73  8:14  SCV  
  73  8:16  Supply Depot  
  73  8:17  SCV  
  73  8:19  Marine  
  76  8:23  SCV  
  76  8:25  Supply Depot, Marine  
  76  8:26  Barracks Tech Lab  
  78  8:28  Siege Tank  
  78  8:32  Sensor Tower  
  78  8:33  SCV  
  82  8:37  Marine  
  83  8:42  Barracks  
  83  8:45  Terran Infantry Armor Level 1, Barracks  
  83  8:46  Marine x2  
  83  8:47  Marine  
  86  8:50  Medivac  
  86  8:53  Medivac  
  86  8:55  Marine  
  90  9:00  Siege Tank  
  94  9:04  Marine x2  
  94  9:05  Marine  
  94  9:09  Combat Shield  
  97  9:12  Supply Depot  
  97  9:13  Supply Depot, SCV x2  
  97  9:14  Supply Depot  
  97  9:15  Marine  
  100  9:21  Armory  
  100  9:22  Marine x2  
  100  9:23  SCV  
  100  9:24  Marine  
  104  9:29  Marine  
  105  9:38  Siege Tank  
  108  9:39  Marine  
  108  9:40  Marine x2  
  108  9:41  Medivac  
  108  9:45  Orbital Command  
  114  9:50  Barracks Reactor x2  
  114  9:52  SCV  
  114  9:53  SCV  
  115  10:04  SCV  
  115  10:06  Marine x3  
  115  10:07  Marine  
  119  10:10  Sensor Tower, Refinery  
  119  10:12  Refinery  
  120  10:18  Medivac  
  120  10:19  SCV x2  
  124  10:24  Marine x4  
  117  10:38  Marine x2  
  117  10:42  Marine x4  
  106  10:45  Marine x2  
  106  10:47  Siege Tank  
  112  10:56  Marine x2  
  108  10:57  SCV  
  108  10:58  SCV x2  
  108  11:00  Marine x3  
  114  11:04  Marine x3  
  114  11:09  SCV  
  114  11:10  SCV x2  
  120  11:12  Sensor Tower  
  120  11:14  Marine x2  
  120  11:15  Missile Turret  
  120  11:16  Missile Turret  
  120  11:17  Marine  
  120  11:18  Marine x2, Medivac  
  127  11:20  Medivac  
  127  11:22  Marine, SCV x3  
  133  11:27  Marine  
  133  11:28  Supply Depot  
  133  11:29  Supply Depot  
  134  11:34  Marine  
  134  11:35  Marine x3  
  138  11:40  Marine x3  
  141  11:49  Siege Tank, Marine  
  141  11:50  Medivac  
  141  11:52  Marine x2  
  141  11:53  Marine  
  150  11:55  Terran Infantry Weapons Level 2, Terran Infantry Armor Level 2  
  150  11:58  Supply Depot, Marine  
  150  12:01  Supply Depot  
  151  12:08  Marine x4  
  154  12:10  Marine  
  156  12:18  Marine  
  156  12:19  Marine x2  
  156  12:22  Siege Tank  
  162  12:25  Marine  
  162  12:26  Marine  
  162  12:28  Marine x2  
  166  12:30  Marine  
  166  12:35  Marine  
  159  12:37  Marine x2, Terran Vehicle Weapons Level 1  
  148  12:54  Siege Tank  
  148  12:55  Marine  
  148  12:57  Marine  
  148  12:58  Marine x5  
  144  13:07  Marine, Command Center  
  144  13:09  Supply Depot  
  145  13:13  Marine  
  145  13:15  Marine x3  
  145  13:16  Marine x3  
  142  13:25  Marine  
  142  13:26  Siege Tank  
  146  13:31  Marine  
  146  13:33  Marine x2  
  149  13:34  Marine x3  
  149  13:35  Sensor Tower, Marine  
  153  13:43  Marine  
  147  13:58  Siege Tank  
  141  14:07  Marine  
  142  14:11  Marine x3  
  142  14:12  Marine  
  142  14:15  Medivac x2  
  150  14:25  Marine x3  
  150  14:29  SCV  
  150  14:30  Siege Tank  
  157  14:32  Terran Vehicle Weapons Level 2, Terran Infantry Armor Level 3, Terran Infantry Weapons Level 3  
  157  14:37  Marine x2  
  159  14:39  Marine x3  
  159  14:43  Marine x3  
  159  14:45  Medivac x2  
  164  15:04  Sensor Tower  
  163  15:08  Planetary Fortress  
  163  15:12  Refinery x2  
  163  15:14  Marine  
  163  15:15  Medivac, Viking  
  168  15:24  Siege Tank, Marine x3  
  168  15:25  Marine x2  
  174  15:33  Marine  
  162  15:37  Marine x2  
  162  15:42  Marine x2  
  162  15:45  Medivac x2  
  167  15:52  Marine x4  
  167  15:54  Marine  
  167  15:55  Marine  
  171  16:00  Marine x2  
  166  16:15  Medivac x2  
  159  16:22  Marine x3  
  159  16:23  Siege Tank  
  159  16:24  Marine  
  161  16:28  Marine  
  161  16:30  Marine x3  
  165  16:37  Factory  
  165  16:39  Marine  
  165  16:40  Marine x2  
  165  16:42  Marine  
  165  16:43  Barracks  
  165  16:44  Barracks  
  165  16:45  Command Center, Medivac  
  165  16:46  Marine  
  172  16:49  Marine  
  173  16:55  Marine  
  173  16:59  Marine x4  
  173  17:00  Marine  
  173  17:01  Siege Tank  
  182  17:02  Medivac  
  182  17:04  Marine  
  182  17:07  Marine  
  186  17:13  Marine  
  181  17:17  Marine x4  
  181  17:18  Marine  
  157  17:33  Siege Tank  
  154  17:39  Marine x3  
  154  17:41  Marine x2, Factory Tech Lab  
  154  17:42  Marine x3  
  158  17:56  Marine x2  
  158  17:57  Marine  
Show
View Real Time Build Order
Export as new Build Order

Sottorks Terran 

Build Orders:  

Get SALT Encoding   

  12  0:00  SCV  
  13  0:13  SCV  
  14  0:16  Supply Depot  
  14  0:25  SCV  
  15  0:28  Refinery  
  15  0:38  SCV  
  16  0:44  Barracks  
  16  0:50  SCV  
  17  1:02  SCV  
  18  1:14  SCV  
  18  1:18  Barracks  
  19  1:24  Barracks  
  19  1:34  Reaper  
  20  1:42  Orbital Command  
  20  1:50  Bunker  
  20  2:03  Supply Depot  
  20  2:05  Reaper  
  22  2:08  Reaper  
  22  2:18  Reaper  
  22  2:21  Refinery  
  21  2:39  Reaper  
  22  2:45  SCV  
  22  2:48  Reaper  
  24  2:55  Supply Depot  
  25  3:00  SCV  
  26  3:12  SCV  
  28  3:24  Command Center  
  28  3:25  SCV  
  27  3:31  Reaper x3  
  30  3:37  SCV  
  31  3:41  Factory  
  31  3:49  SCV  
  32  3:58  Supply Depot  
  32  4:03  Barracks Reactor  
  32  4:05  Barracks Reactor  
  32  4:06  SCV  
  32  4:09  Barracks Tech Lab  
  33  4:18  SCV  
  34  4:29  Factory Tech Lab  
  34  4:30  Starport  
  34  4:32  SCV  
  34  4:36  Orbital Command  
  34  4:38  Stimpack, Marine  
  35  4:39  Marine  
  35  4:41  Marine  
  35  4:44  SCV  
  39  4:53  Marine x2  
  39  4:56  Cyclone  
  39  4:59  SCV  
  45  5:01  Marine  
  45  5:02  Marine  
  47  5:11  Orbital Command  
  43  5:16  Viking  
  43  5:18  SCV  
  43  5:21  Marine x4  
  48  5:32  Marine  
  48  5:35  Siege Tank  
  52  5:38  SCV  
  52  5:39  Marine  
  54  5:43  SCV  
  54  5:47  Starport Tech Lab  
  54  5:48  Marine  
  56  5:52  SCV  
  57  6:04  SCV  
  57  6:07  Cyclone  
  60  6:15  SCV  
  60  6:19  Viking  
  60  6:26  Marine x2  
  60  6:31  Marine  
  62  6:33  SCV  
  62  6:36  Marine, SCV, Viking  
  62  6:51  Supply Depot  
  62  6:57  Supply Depot  
  62  6:59  Marine x4  
  62  7:00  SCV x2  
  68  7:02  Viking  
  64  7:17  Marine  
  64  7:19  Marine x3  
  64  7:20  Medivac  
  64  7:21  SCV x2  
  71  7:32  Medivac  
  71  7:33  SCV x2  
  71  7:35  Refinery, Marine  
  71  7:36  Refinery, Supply Depot  
  76  7:45  SCV x2  
  76  7:46  Combat Shield  
  78  7:57  SCV  
  78  7:58  Command Center  
  79  8:03  SCV  
  79  8:05  Medivac  
  82  8:09  SCV  
  83  8:14  Engineering Bay x2  
  83  8:16  Marine x2  
  83  8:17  Marine x2  
  83  8:19  SCV  
  88  8:28  Siege Tank  
  88  8:29  SCV  
  88  8:31  SCV  
  93  8:35  Supply Depot, Marine  
  93  8:38  Supply Depot  
  94  8:41  Terran Infantry Weapons Level 1, Terran Infantry Armor Level 1  
  94  8:46  Barracks  
  94  8:47  Barracks  
  94  8:52  Supply Depot  
  94  8:53  Supply Depot  
  94  8:57  Marine x3, SCV  
  94  8:59  SCV  
  94  9:00  Medivac x2  
  103  9:09  SCV  
  104  9:11  Orbital Command, SCV  
  105  9:21  SCV  
  106  9:25  Marine x4  
  99  9:42  Medivac x2  
  99  9:43  Marine x2  
  99  9:45  SCV x3  
  102  9:50  Marine  
  102  9:51  Marine  
  102  9:52  Orbital Command  
  103  9:55  Siege Tank  
  103  9:57  SCV x2  
  109  10:01  Marine x2  
  109  10:04  Barracks Reactor  
  110  10:09  Missile Turret  
  110  10:11  Missile Turret  
  110  10:16  Barracks Reactor  
  110  10:21  Marine  
  110  10:22  Marine x3  
  100  10:39  Marine x2  
  100  10:40  Marine x2  
  100  10:42  Marine x2  
  97  10:55  Marine x2  
  90  10:57  Marine x4  
  90  11:00  Siege Tank, Marine x2  
  90  11:03  SCV  
  103  11:04  Armory  
  103  11:12  Marine  
  103  11:13  Marine  
  103  11:14  SCV x2  
  103  11:15  Marine x4, SCV  
  103  11:17  Refinery  
  103  11:18  Refinery, Marine x2  
  113  11:20  Viking  
  113  11:21  Viking  
  114  11:26  SCV  
  115  11:35  Command Center  
  115  11:41  Sensor Tower  
  115  11:42  Marine x7  
  115  11:44  Marine  
  123  11:51  SCV x3  
  126  11:58  Terran Infantry Weapons Level 2, Siege Tank, Terran Infantry Armor Level 2  
  129  12:03  SCV  
  129  12:04  Marine x3, Terran Vehicle Weapons Level 1  
  129  12:05  Sensor Tower  
  128  12:20  Command Center  
  128  12:28  Factory  
  128  12:30  Siege Tank, Marine  
  128  12:31  Marine x6  
  128  12:32  Barracks Reactor, Viking  
  137  12:48  Marine  
  137  12:49  Marine  
  104  12:59  Orbital Command  
  104  13:00  SCV x2  
  106  13:08  Marine x9  
  113  13:19  SCV x2  
  114  13:26  Marine x2, SCV  
  117  13:31  SCV  
  117  13:32  SCV  
  119  13:36  Siege Tank  
  119  13:38  Siege Tank, SCV  
  126  13:43  SCV  
  126  13:44  SCV  
  128  13:50  SCV  
  88  14:03  Marine x7  
  88  14:04  Marine x2  
  88  14:08  Siege Tank  
  88  14:09  SCV x3  
  103  14:18  Planetary Fortress  
  103  14:21  SCV x2  
  103  14:23  Marine  
  103  14:24  Marine x6  
  106  14:25  SCV  
  113  14:34  Siege Tank  
  116  14:40  Sensor Tower  
  116  14:42  Sensor Tower  
  98  14:54  Marine  
  98  14:55  Siege Tank, Marine x8  
  110  15:12  Marine x2  
  110  15:13  Marine x3  
  115  15:14  SCV  
  115  15:15  SCV x3  
  116  15:26  SCV  
  105  15:38  Marine x5  
  105  15:39  Siege Tank x2, Marine x4  
  104  15:56  Marine x7  
  104  16:02  SCV x2  
  104  16:03  SCV  
  105  16:10  Marine x2  
  107  16:12  Siege Tank  
  107  16:14  Marine x3, SCV  
  108  16:23  Marine x4  
  111  16:26  SCV x2  
  111  16:27  Orbital Command  
  111  16:28  Marine x2  
  115  16:35  Missile Turret  
  115  16:38  Marine  
  115  16:39  Medivac x2  
  117  16:54  Siege Tank  
  117  16:55  Marine x5  
  84  17:34  Marine x5  
  84  17:40  Marine  
  84  17:41  Marine x3  
  77  17:51  Marine  
  77  17:55  Siege Tank  
  78  18:04  Marine  
Tags
 
Add a new tag
Caveats
  • Supply blocks, unpowered buildings, or Contaminate may cause inaccurate times.
  • Supply counts are checked every 10 seconds.